PCL
HOUSTON HAMMERTIME @ SAN JOSE MISSIONS
05/14/2028
 
TOP OF THE 1ST
Houston Hammertime batting - Pitching for San Jose Missions : RHP Francisco Arellano
Pitching: RHP Francisco Arellano
Batting: SHB Carlos Córdova 0-0: Called Strike
0-1: Ball
1-1: Called Strike
1-2: Foul Ball, location: 2F
1-2: Foul Ball, location: 2F
1-2: Ball
2-2: Ball
3-2: Fly out, F5 (Line Drive, 5S)
Batting: LHB Leonardo Medina 0-0: Called Strike
0-1: Ball
1-1: Called Strike
1-2: Ball
2-2: Foul Ball, location: 2F
2-2: Foul Ball, location: 2F
2-2: Foul Ball, location: 2F
2-2: Fly out, F3 (Line Drive, 3S)
Batting: RHB José García 0-0: Swinging Strike
0-1: Swinging Strike
0-2: Foul Ball, location: 2F
0-2: Foul Ball, location: 2F
0-2: Foul Ball, location: 2F
0-2: Ball
1-2: Ground out 5-3 (Groundball, 5)
Top of the 1st over - 0 run(s), 0 hit(s), 0 error(s), 0 left on base; Houston 0 - San Jose 0
BOTTOM OF THE 1ST
San Jose Missions batting - Pitching for Houston Hammertime : RHP Aaron Green
Pitching: RHP Aaron Green
Batting: RHB Culley Douglas 0-0: Ball
1-0: Ground out 6-3 (Groundball, 56)
Batting: RHB Jorge Díaz 0-0: Ball
1-0: DOUBLE (Line Drive, 9LS)
Batting: RHB Dale Taylor 0-0: Ball
1-0: Called Strike
1-1: Foul Ball, location: 2F
1-2: Ball
2-2: Foul Ball, location: 2F
2-2: Strikes out swinging
Batting: RHB Naomichi Aoki 0-0: Ball
1-0: Foul Ball, location: 2F
1-1: Ball
2-1: Ground out 5-3 (Groundball, 56)
Bottom of the 1st over - 0 run(s), 1 hit(s), 0 error(s), 1 left on base; Houston 0 - San Jose 0
TOP OF THE 2ND
Houston Hammertime batting - Pitching for San Jose Missions : RHP Francisco Arellano
Batting: RHB John Major 0-0: Called Strike
0-1: DOUBLE (Flyball, 9LM)
Batting: RHB Dan Mason 0-0: Ball
1-0: Ball
2-0: Swinging Strike
2-1: Foul Ball, location: 2F
2-2: Ball
3-2: Base on Balls
Batting: LHB José Esparza 0-0: Ball
1-0: Ball
2-0: Ball
3-0: Called Strike
3-1: Base on Balls
John Major to third
Dan Mason to second
Batting: LHB António Camacho 0-0: Called Strike
0-1: Ball
1-1: Called Strike
1-2: Ball
2-2: Strikes out swinging
Batting: RHB David Hernández 0-0: Ball
1-0: Ball
2-0: Ball
3-0: Called Strike
3-1: Fly out, F9 (Flyball, 9LS)
Batting: RHB Victor Andrews 0-0: Called Strike
0-1: Foul Ball, location: 2F
0-2: Ball
1-2: Foul Ball, location: 2F
1-2: Strikes out swinging
Top of the 2nd over - 0 run(s), 1 hit(s), 0 error(s), 3 left on base; Houston 0 - San Jose 0
BOTTOM OF THE 2ND
San Jose Missions batting - Pitching for Houston Hammertime : RHP Aaron Green
Batting: LHB Miguel Montés 0-0: Ball
1-0: Swinging Strike
1-1: Hit by Pitch
Batting: RHB Ed Starr 0-0: Called Strike
Miguel Montés steals 2nd base
0-1: Ball
1-1: Called Strike
1-2: Ball
2-2: Fly out, F8 (Flyball, 89S)
Batting: RHB Irwin Duncan 0-0: Ball
1-0: Called Strike
1-1: Ground out 6-3 (Groundball, 6)
Batting: RHB José Sánchez 0-0: Ball
1-0: Foul Ball, location: 2F
1-1: SINGLE (Groundball, 6MD)
Miguel Montés to third
Runner from 3rd tries for Home, SAFE, no throw
Batting: RHB Miguel Mendoza Pickoff Throw to First - Out!
Bottom of the 2nd over - 1 run(s), 1 hit(s), 0 error(s), 0 left on base; Houston 0 - San Jose 1
TOP OF THE 3RD
Houston Hammertime batting - Pitching for San Jose Missions : RHP Francisco Arellano
Batting: SHB Carlos Córdova 0-0: Called Strike
0-1: Foul Ball, location: 2F
0-2: Ball
1-2: Ball
2-2: Ball
3-2: SINGLE (Groundball, 56D)
Batting: LHB Leonardo Medina 0-0: Swinging Strike
0-1: Ball
1-1: Ball
2-1: SINGLE (Groundball, 34D)
Carlos Córdova to second
Throwing error, E9
Carlos Córdova scores
Leonardo Medina to second
Batting: RHB José García 0-0: Ball
1-0: Ball
2-0: Called Strike
2-1: Foul Ball, location: 2F
Balk!
Leonardo Medina to third
2-2: Ball
3-2: Foul Ball, location: 2F
3-2: Base on Balls
Batting: RHB John Major 0-0: Called Strike
0-1: Ball
1-1: Ball
2-1: SINGLE (Groundball, 4MD)
Leonardo Medina scores
José García to second
Batting: RHB Dan Mason 0-0: Ball
1-0: Fly out, F8 (Flyball, 78XD)
Runner from 2nd tags up, SAFE at 3rd, no throw
Batting: LHB José Esparza 0-0: Ball
1-0: Foul Ball, location: 2F
1-1: Foul Ball, location: 2F
1-2: Ball
2-2: Fielders Choice at 2nd, 6-4 (Groundball, 6)
José García scores
Batting: LHB António Camacho 0-0: Ball
1-0: Called Strike
1-1: Ball
2-1: Foul Ball, location: 2F
2-2: Foul Ball, location: 2F
2-2: SINGLE (Groundball, 34) (infield hit)
José Esparza to second
Batting: RHB David Hernández 0-0: Ball
1-0: Foul Ball, location: 2F
1-1: Ball
2-1: Called Strike
2-2: Strikes out looking
Top of the 3rd over - 3 run(s), 4 hit(s), 1 error(s), 2 left on base; Houston 3 - San Jose 1
BOTTOM OF THE 3RD
San Jose Missions batting - Pitching for Houston Hammertime : RHP Aaron Green
Batting: RHB Miguel Mendoza 0-0: Called Strike
0-1: Foul Ball, location: 2F
0-2: Ball
1-2: Ball
2-2: Strikes out looking
Batting: RHB Culley Douglas 0-0: Foul Ball, location: 2F
0-1: Ball
1-1: Foul Ball, location: 2F
1-2: Foul Ball, location: 2F
1-2: Strikes out looking
Batting: RHB Jorge Díaz 0-0: Fly out, F6 (Line Drive, 6)
Bottom of the 3rd over - 0 run(s), 0 hit(s), 0 error(s), 0 left on base; Houston 3 - San Jose 1
TOP OF THE 4TH
Houston Hammertime batting - Pitching for San Jose Missions : RHP Francisco Arellano
Batting: RHB Victor Andrews 0-0: Swinging Strike
0-1: Ball
1-1: Ball
2-1: SINGLE (Groundball, 6D)
Pitching: RHP David Bates
Batting: SHB Carlos Córdova 0-0: Ball
1-0: Called Strike
1-1: Ball
2-1: Ball
3-1: Base on Balls
Victor Andrews to second
Batting: LHB Leonardo Medina 0-0: Swinging Strike
0-1: Ball
1-1: Ball
2-1: Ball
3-1: Swinging Strike
3-2: Foul Ball, location: 2F
3-2: Base on Balls
Victor Andrews to third
Carlos Córdova to second
Batting: RHB José García 0-0: Ball
1-0: Ball
2-0: Grounds into double play, 6-4-3 (Groundball, 6)
Victor Andrews scores
Carlos Córdova to third
Batting: RHB John Major 0-0: Foul Ball, location: 2F
0-1: Ball
1-1: Called Strike
1-2: Ball
2-2: Ball
3-2: Foul Ball, location: 2F
3-2: Foul Ball, location: 2F
3-2: DOUBLE (Flyball, 89XD)
Carlos Córdova scores
Batting: RHB Dan Mason 0-0: SINGLE (Line Drive, 8RS)
John Major to third
Runner from 3rd tries for Home, SAFE, no throw
Batting: LHB José Esparza 0-0: Ball
1-0: Ball
2-0: Ball
3-0: Base on Balls
Dan Mason to second
Batting: LHB António Camacho 0-0: Ball
1-0: Swinging Strike
1-1: Ball
2-1: Ball
3-1: Base on Balls
Dan Mason to third
José Esparza to second
Batting: RHB David Hernández 0-0: Fly out, F7 (Flyball, 7)
Top of the 4th over - 3 run(s), 3 hit(s), 0 error(s), 3 left on base; Houston 6 - San Jose 1
BOTTOM OF THE 4TH
San Jose Missions batting - Pitching for Houston Hammertime : RHP Aaron Green
Batting: RHB Dale Taylor 0-0: Called Strike
0-1: Called Strike
0-2: Ball
1-2: Foul Ball, location: 2F
1-2: Ball
2-2: Strikes out looking
Batting: RHB Naomichi Aoki 0-0: Ball
1-0: Called Strike
1-1: Called Strike
1-2: Strikes out swinging
Batting: LHB Miguel Montés 0-0: Ball
1-0: Ball
2-0: SOLO HOME RUN (Flyball, 7LD), Distance : 348 ft
Batting: RHB Ed Starr 0-0: Ball
1-0: Ball
2-0: Ball
3-0: Base on Balls
Batting: RHB Irwin Duncan 0-0: Called Strike
Ed Starr is caught stealing 2nd base
Bottom of the 4th over - 1 run(s), 1 hit(s), 0 error(s), 0 left on base; Houston 6 - San Jose 2
TOP OF THE 5TH
Houston Hammertime batting - Pitching for San Jose Missions : RHP David Bates
Batting: RHB Victor Andrews 0-0: Ball
1-0: Ball
2-0: Swinging Strike
2-1: Called Strike
2-2: Ball
3-2: Ground out 4-3 (Groundball, 4)
Batting: SHB Carlos Córdova 0-0: Swinging Strike
0-1: Ball
1-1: Foul Ball, location: 2F
1-2: Foul Ball, location: 2F
1-2: Foul Ball, location: 2F
1-2: Foul Ball, location: 2F
1-2: Ball
2-2: Ball
3-2: Foul Ball, location: 2F
3-2: Fly out, F1 (Line Drive, 13)
Pitching: RHP José Reyes
Batting: LHB Leonardo Medina 0-0: Ball
1-0: Called Strike
1-1: Ball
2-1: Foul Ball, location: 2F
2-2: Ball
3-2: Foul Ball, location: 2F
3-2: Foul Ball, location: 2F
3-2: Base on Balls
Batting: RHB José García 0-0: Ball
1-0: Fly out, F6 (Popup, 6S)
Top of the 5th over - 0 run(s), 0 hit(s), 0 error(s), 1 left on base; Houston 6 - San Jose 2
BOTTOM OF THE 5TH
San Jose Missions batting - Pitching for Houston Hammertime : RHP Aaron Green
Batting: RHB Irwin Duncan 0-0: Called Strike
0-1: Ground out 6-3 (Groundball, 6)
Batting: RHB José Sánchez 0-0: Ball
1-0: SINGLE (Line Drive, 6D)
Batting: RHB Miguel Mendoza 0-0: Called Strike
0-1: Foul Ball, location: 2F
0-2: Strikes out swinging
Batting: RHB Culley Douglas 0-0: Swinging Strike
0-1: Called Strike
0-2: Ball
1-2: Ball
2-2: Ball
3-2: Strikes out swinging
Bottom of the 5th over - 0 run(s), 1 hit(s), 0 error(s), 1 left on base; Houston 6 - San Jose 2
TOP OF THE 6TH
Houston Hammertime batting - Pitching for San Jose Missions : RHP José Reyes
Batting: RHB John Major 0-0: Ball
1-0: Called Strike
1-1: Foul Ball, location: 2F
1-2: Ball
2-2: Strikes out swinging
Batting: RHB Dan Mason 0-0: Ball
1-0: Ball
2-0: Ball
3-0: Called Strike
3-1: Base on Balls
Batting: LHB José Esparza 0-0: Foul Ball, location: 2F
0-1: Foul Ball, location: 2F
0-2: Foul Ball, location: 2F
0-2: Ball
1-2: Foul Ball, location: 2F
1-2: Ball
2-2: Ball
3-2: Hit by Pitch
Dan Mason to second
Batting: LHB António Camacho 0-0: Ball
1-0: Called Strike
1-1: Ball
2-1: Fly out, F6 (Flyball, 6MD)
Batting: RHB David Hernández 0-0: Called Strike
0-1: Called Strike
0-2: Strikes out swinging
Top of the 6th over - 0 run(s), 0 hit(s), 0 error(s), 2 left on base; Houston 6 - San Jose 2
BOTTOM OF THE 6TH
San Jose Missions batting - Pitching for Houston Hammertime : RHP Aaron Green
Batting: RHB Jorge Díaz 0-0: Called Strike
0-1: Ball
1-1: SINGLE (Groundball, 56) (infield hit)
Batting: RHB Dale Taylor 0-0: Swinging Strike
0-1: Foul Ball, location: 2F
0-2: Strikes out swinging
Batting: RHB Naomichi Aoki 0-0: Ball
1-0: Foul Ball, location: 2F
1-1: Ball
2-1: Foul Ball, location: 2F
2-2: Grounds into double play, 5-4-3 (Groundball, 5L)
Bottom of the 6th over - 0 run(s), 1 hit(s), 0 error(s), 0 left on base; Houston 6 - San Jose 2
TOP OF THE 7TH
Houston Hammertime batting - Pitching for San Jose Missions : RHP José Reyes
Batting: RHB Victor Andrews 0-0: Ground out 6-3 (Groundball, 6)
Batting: SHB Carlos Córdova 0-0: Ball
1-0: Foul Ball, location: 2F
1-1: Swinging Strike
1-2: Ball
2-2: Fly out, F7 (Flyball, 7LMF)
Batting: LHB Leonardo Medina 0-0: Ball
1-0: Ball
2-0: Ball
3-0: Base on Balls
Batting: RHB José García 0-0: Ball
1-0: Called Strike
1-1: Foul Ball, location: 2F
1-2: Ball
2-2: Ball
3-2: Foul Ball, location: 2F
3-2: Fly out, F9 (Flyball, 89M)
Top of the 7th over - 0 run(s), 0 hit(s), 0 error(s), 1 left on base; Houston 6 - San Jose 2
BOTTOM OF THE 7TH
San Jose Missions batting - Pitching for Houston Hammertime : RHP Aaron Green
Batting: LHB Miguel Montés 0-0: Ball
1-0: Ball
2-0: Swinging Strike
2-1: Swinging Strike
2-2: Foul Ball, location: 2F
2-2: Strikes out swinging
Batting: RHB Ed Starr 0-0: Foul Ball, location: 2F
0-1: Foul Ball, location: 2F
0-2: Ball
1-2: Strikes out looking
Batting: RHB Irwin Duncan 0-0: Fly out, F8 (Flyball, 8LS)
Bottom of the 7th over - 0 run(s), 0 hit(s), 0 error(s), 0 left on base; Houston 6 - San Jose 2
TOP OF THE 8TH
Houston Hammertime batting - Pitching for San Jose Missions : RHP José Reyes
Pitching: LHP Morgan O'Day
Batting: RHB John Major 0-0: Foul Ball, location: 2F
0-1: SINGLE (Line Drive, 6MD)
Batting: RHB Dan Mason 0-0: Ball
1-0: Swinging Strike
1-1: Ball
2-1: Ball
3-1: Foul Ball, location: 2F
3-2: Foul Ball, location: 2F
3-2: Foul Ball, location: 2F
3-2: Foul Ball, location: 2F
3-2: Ground out 5-3 (Groundball, 5S)
John Major to second
Batting: LHB José Esparza 0-0: Intentional Walk
Batting: LHB António Camacho 0-0: Ball
1-0: Foul Ball, location: 2F
1-1: Grounds into double play, 4-6-3 (Groundball, 4)
Top of the 8th over - 0 run(s), 1 hit(s), 0 error(s), 1 left on base; Houston 6 - San Jose 2
BOTTOM OF THE 8TH
San Jose Missions batting - Pitching for Houston Hammertime : RHP Aaron Green
Batting: RHB José Sánchez 0-0: Swinging Strike
0-1: SINGLE (Groundball, 5D)
Batting: RHB Miguel Mendoza 0-0: Ball
1-0: Foul Ball, location: 2F
1-1: Ball
2-1: Grounds into double play, 6-4-3 (Groundball, 6)
Batting: RHB Culley Douglas 0-0: Ball
1-0: Foul Ball, location: 2F
1-1: Ground out 1-3 (Groundball, P)
Bottom of the 8th over - 0 run(s), 1 hit(s), 0 error(s), 0 left on base; Houston 6 - San Jose 2
TOP OF THE 9TH
Houston Hammertime batting - Pitching for San Jose Missions : LHP Morgan O'Day
Batting: RHB David Hernández 0-0: Ball
1-0: SINGLE (Groundball, 4M) (infield hit)
Batting: RHB Victor Andrews 0-0: Ball
1-0: Sac Bunt - play at first, batter OUT! 1-4
David Hernández to second
Batting: SHB Carlos Córdova 0-0: Ball
1-0: Ball
2-0: Ground out 2-3 (Groundball, 15S)
David Hernández to third
Batting: LHB Leonardo Medina 0-0: DOUBLE (Line Drive, 3D)
David Hernández scores
Batting: RHB José García 0-0: Foul Ball, location: 2F
0-1: Swinging Strike
0-2: Ball
1-2: Ball
2-2: Ball
3-2: SINGLE (Groundball, 4MS) (infield hit)
Leonardo Medina to third
Batting: RHB John Major 0-0: Single, Error in OF, E9, batter to second base
Leonardo Medina scores
José García to third
Batting: RHB Dan Mason 0-0: Ball
1-0: Foul Ball, location: 2F
1-1: Ball
2-1: Ball
3-1: SINGLE (Groundball, 4MD)
José García scores
John Major to third
Runner from 3rd tries for Home, SAFE, no throw
Pitching: RHP Larry West
Batting: LHB José Esparza 0-0: Ball
1-0: Ball
2-0: Ball
3-0: Base on Balls
Dan Mason to second
Batting: LHB António Camacho 0-0: Foul Ball, location: 2F
0-1: Foul Ball, location: 2F
0-2: Strikes out swinging
Top of the 9th over - 4 run(s), 5 hit(s), 1 error(s), 2 left on base; Houston 10 - San Jose 2
BOTTOM OF THE 9TH
San Jose Missions batting - Pitching for Houston Hammertime : RHP Aaron Green
Pitching: LHP Martín Reyes
Now in CF: Pedro Meza
Batting: RHB Jorge Díaz 0-0: Ball
1-0: Foul Ball, location: 2F
1-1: Called Strike
1-2: Fly out, F7 (Flyball, 7)
Batting: RHB Dale Taylor 0-0: Ball
1-0: Called Strike
1-1: SINGLE (Line Drive, 6M)
Batting: RHB Naomichi Aoki 0-0: Called Strike
0-1: Called Strike
0-2: Ball
1-2: Strikes out swinging
Batting: LHB Miguel Montés 0-0: Ball
1-0: Ball
2-0: Ball
3-0: Called Strike
3-1: Fly out, F8 (Flyball, 8RM)
Bottom of the 9th over - 0 run(s), 1 hit(s), 0 error(s), 1 left on base; Houston 10 - San Jose 2
Tuesday, August 8th, 2017 - OOTP Baseball 17.12 Build 75